[Event "Team 45 45 League T66"]
[Site "Internet Chess Club"]
[Date "2015.09.19"]
[Round "3"]
[White "pcvan"]
[Black "Duguesclin"]
[Result "0-1"]
[WhiteElo "1551"]
[BlackElo "1736"]
[Opening "French: King's Indian attack"]
[ECO "C00"]
[Time "09:00:39"]
[TimeControl "2700+45"]

1. e4 e6 2. d3 c5 3. Nf3 Nc6 4. g3 d5 5. Nbd2 Nf6 6. Bg2 dxe4 7. dxe4 e5 8. O-O
Bg4 9. c3 Be7 10. Qb3 Qc7 11. Re1 O-O 12. Nc4 Bxf3 13. Bxf3 Na5 14. Nxa5 Qxa5
15. Qxb7 Rfe8 16. Qb3 Rab8 17. Qc2 c4 18. Be3 Red8 19. b4 cxb3 20. axb3 Qb5 21.
Rxa7 Bc5 22. Bxc5 Qxc5 23. Raa1 Rdc8 24. c4 Qb4 25. Rab1 Nd7 26. Re3 Rxc4 27.
bxc4 Qxb1+ 28. Qd1 Nc5 29. Re1 Qb4 30. Qe2 Rd8 31. Rd1 Rd4 32. Rxd4 exd4 33. Qa2
g6 34. Qa8+ Kg7 35. Qd5 Ne6 36. Bg4 Qb6 37. Bxe6 fxe6 38. Qd7+ Kh6 39. Qb5 Qd6
40. Kf1 d3 41. Ke1 Qd4 42. c5 Qxe4+ 43. Kd2 Qe2+ 44. Kc3 Qc2+ 45. Kd4 d2 {White
resigns} 0-1

[Event "Team 45 45 League T66"]
[Site "Internet Chess Club"]
[Date "2015.09.18"]
[Round "3"]
[White "RD1974"]
[Black "RUPIS"]
[Result "1-0"]
[WhiteElo "1651"]
[BlackElo "1680"]
[Opening "French: King's Indian attack"]
[ECO "C00"]
[Time "09:00:53"]
[TimeControl "2700+45"]

1. e4 e6 2. d3 d5 3. Nd2 c5 4. Ngf3 Nc6 5. g3 Bd6 6. Bg2 Nf6 7. h3 O-O 8. O-O
Bd7 9. Re1 e5 10. exd5 Nxd5 11. Nxe5 Nf6 12. Nxd7 Qxd7 13. Nc4 Bc7 14. Be3 b6
15. Bg5 Nd5 16. Qf3 Nde7 17. Bxe7 Nxe7 18. Ne5 Bxe5 19. Rxe5 Ng6 20. Re2 Rfe8
21. Rae1 h6 22. Qg4 Qxg4 23. Rxe8+ Rxe8 24. Rxe8+ Kh7 25. hxg4 f6 26. Be4 h5 27.
gxh5 Kh6 28. Bxg6 Kg5 29. Re7 f5 30. Rxg7 Kf6 31. Rxa7 Ke5 32. Ra6 Kd4 33. h6
Kd5 34. h7 Kc6 35. h8=Q Kb5 36. Ra8 Kb4 37. a3+ Kb5 38. Be8# {Black checkmated}
1-0

[Event "Team 45 45 League T66"]
[Site "Internet Chess Club"]
[Date "2015.09.21"]
[Round "3"]
[White "Visin"]
[Black "Bible-Believer"]
[Result "0-1"]
[WhiteElo "1144"]
[BlackElo "1505"]
[Opening "Giuoco Pianissimo: Italian four knights variation"]
[ECO "C47"]
[Time "15:00:15"]
[TimeControl "2700+45"]

1. e4 e5 2. Nf3 Nc6 3. Nc3 Nf6 4. Bc4 Bc5 5. d3 d6 6. h3 O-O 7. Bg5 h6 8. Bh4
Be6 9. Nd5 g5 10. Bg3 Bxd5 11. Bxd5 Nxd5 12. exd5 Ne7 13. c4 Nf5 14. a3 a6 15.
b4 Ba7 16. Rb1 Qd7 17. Nh2 Nxg3 18. fxg3 f5 19. g4 Rae8 20. Kd2 e4 21. Re1 Bf2
22. Re2 Bg3 23. Nf1 Bf4+ 24. Kc2 Qa4+ 25. Kb2 Qd7 26. Re1 Qg7+ 27. d4 e3 28. g3
e2 29. Rxe2 Rxe2+ 30. Qxe2 Qxd4+ 31. Ka2 Be5 32. Rd1 Qc3 33. Ne3 fxg4 34. Nxg4
Kg7 35. Nxe5 Qxe5 36. Qxe5+ dxe5 37. Rd3 Rf2+ 38. Kb3 Kf6 39. g4 Rf4 40. Kc3 e4
41. Re3 Ke5 42. a4 Rf3 43. Kd2 Kd4 44. Re2 Rd3+ 45. Ke1 {White resigns} 0-1

[Event "Team 45 45 League T66"]
[Site "Internet Chess Club"]
[Date "2015.09.19"]
[Round "3"]
[White "kingsrook"]
[Black "MateIn42"]
[Result "1/2-1/2"]
[WhiteElo "1332"]
[BlackElo "1375"]
[Opening "King's Indian: Makagonov system (5.h3)"]
[ECO "E71"]
[Time "17:02:56"]
[TimeControl "2700+45"]

1. d4 Nf6 2. c4 g6 3. Nc3 Bg7 4. e4 d6 5. h3 O-O 6. Be3 b6 7. Bd3 Nbd7 8. Nf3 e5
9. d5 a5 10. O-O Nc5 11. Bxc5 bxc5 12. Qd2 Bd7 13. a4 c6 14. b3 cxd5 15. cxd5
Qb6 16. Rab1 Qb4 17. Rfe1 Rab8 18. Nb5 Qxd2 19. Nxd2 Bxb5 20. Bxb5 Bh6 21. Rb2
Bxd2 22. Rxd2 Ne8 23. Rb2 Nc7 24. Bc4 Rb4 25. f3 Rfb8 26. Reb1 Na8 27. Kf2 Nb6
28. Bb5 Na8 29. Bc4 Nb6 30. Bb5 {Game drawn by mutual agreement} 1/2-1/2

[Event "Team 45 45 League T66"]
[Site "Internet Chess Club"]
[Date "2015.09.17"]
[Round "3"]
[White "tamky70"]
[Black "WzeroMN"]
[Result "1-0"]
[WhiteElo "1349"]
[BlackElo "1103"]
[Opening "Queen's bishop game"]
[ECO "D02"]
[Time "14:00:40"]
[TimeControl "2700+45"]

1. d4 Nf6 2. Nf3 d5 3. Bf4 e6 4. c3 c5 5. e3 c4 6. h3 Be7 7. Be2 O-O 8. O-O Qb6
9. b3 cxb3 10. Qxb3 Qxb3 11. axb3 a6 12. c4 dxc4 13. bxc4 b6 14. Nc3 Nbd7 15.
Ne5 Nxe5 16. dxe5 Nh5 17. Bh2 f5 18. Bxh5 {Black resigns} 1-0

[Event "Team 45 45 League T66"]
[Site "Internet Chess Club"]
[Date "2015.09.19"]
[Round "3"]
[White "Bizzy-Ketty"]
[Black "Hal2001"]
[Result "0-1"]
[WhiteElo "1556"]
[BlackElo "1642"]
[Opening "Robatsch (modern) defense"]
[ECO "B06"]
[Time "21:00:29"]
[TimeControl "2700+45"]

1. e4 g6 2. d4 Bg7 3. Nf3 c5 4. c3 cxd4 5. cxd4 d5 6. Bd3 Bg4 7. Be3 Nc6 8. Qa4
Bxf3 9. gxf3 Qa5+ 10. Qxa5 Nxa5 11. exd5 b6 12. Bb5+ Kd8 13. Nd2 Rc8 14. O-O Nf6
15. b4 Nb7 16. Ba6 Rc7 17. Rac1 Nxd5 18. Rxc7 Kxc7 19. Rc1+ Kb8 20. a3 Rc8 21.
Rxc8+ Kxc8 22. Nc4 f6 23. Kg2 Kc7 24. Kg3 Nd6 25. Nxd6 Kxd6 26. h3 f5 27. f4 Nc7
28. Bc4 e6 29. a4 Nd5 30. Bxd5 Kxd5 31. Bd2 Bxd4 32. Kf3 Kc4 33. a5 bxa5 34.
bxa5 a6 35. Kg3 Bc3 36. Bc1 Bxa5 37. Kh4 h6 38. Ba3 Bb4 39. Bb2 Bf8 40. Bf6 a5
41. Ba1 a4 42. Kg3 a3 43. f3 a2 44. Kf2 Kd3 45. h4 h5 46. Bf6 Kc2 47. Ke3 Ba3
48. Ba1 Bb2 49. Ke2 Bxa1 50. Kf2 Bf6 51. Kg3 a1=Q 52. Kf2 Bxh4+ 53. Ke3 {White
resigns} 0-1

[Event "Team 45 45 League T66"]
[Site "Internet Chess Club"]
[Date "2015.09.19"]
[Round "3"]
[White "ChessMaine"]
[Black "EFXBT"]
[Result "0-1"]
[WhiteElo "1519"]
[BlackElo "1473"]
[Opening "Queen's pawn game"]
[ECO "D00"]
[Time "20:00:49"]
[TimeControl "2700+45"]

1. d4 d5 2. e3 Bf5 3. c4 e6 4. Nc3 Nf6 5. Nf3 Be7 6. Qa4+ Nc6 7. Ne5 O-O 8. Nxc6
bxc6 9. Qxc6 Bd6 10. c5 Be7 11. Qa4 Qc8 12. Bb5 a6 13. Bc6 Rb8 14. O-O Ne4 15.
Nxe4 Bxe4 16. b4 Bd3 17. Rd1 Bb5 18. Bxb5 axb5 19. Qc2 c6 20. Bd2 Ra8 21. e4 Re8
22. exd5 exd5 23. Re1 Bf6 24. Rxe8+ Qxe8 25. Re1 Qd7 26. Be3 Re8 27. Ra1 Qa7 28.
Qd1 Qa3 29. Qd2 Ra8 30. Qe1 Re8 31. Qb1 Rxe3 32. fxe3 Qxe3+ 33. Kh1 Qxd4 34. a4
Qxa1 35. Qxa1 Bxa1 36. a5 Be5 37. a6 Bb8 38. Kg1 f5 39. Kf2 Kf7 40. Kf3 Ke7 41.
g4 f4 42. h4 Kd8 43. h5 Kc8 44. g5 Be5 45. Kg4 g6 46. a7 Kb7 47. hxg6 hxg6 48.
Kf3 Kxa7 49. Kf2 Kb7 50. Kf3 Kc7 51. Kg4 Kd7 52. Kf3 Ke6 53. Kg4 d4 54. Kf3 Kf5
{White resigns} 0-1

[Event "Team 45 45 League T66"]
[Site "Internet Chess Club"]
[Date "2015.09.19"]
[Round "3"]
[White "Conjurer"]
[Black "karthikkallam"]
[Result "0-1"]
[WhiteElo "1186"]
[BlackElo "1444"]
[Opening "Queen's bishop game"]
[ECO "D02"]
[Time "12:18:42"]
[TimeControl "2700+45"]

1. d4 d5 2. Nf3 Nf6 3. Bf4 Bf5 4. e3 e6 5. c4 Bxb1 6. Rxb1 Bb4+ 7. Nd2 O-O 8.
Bd3 dxc4 9. Bxc4 Ne4 10. Qf3 Nxd2 11. Qxb7 Nxc4+ 12. Qxb4 Nb6 13. O-O Nc6 14.
Qc5 Qd7 15. Rbc1 Ne7 16. Bxc7 Rac8 17. Qe5 Nc6 18. Qg3 Rxc7 19. Rc5 f6 20. Rfc1
Rfc8 21. Rh5 Nb4 22. Rcc5 Rxc5 23. Rxc5 Rxc5 {White resigns} 0-1

[Event "Team 45 45 League T66"]
[Site "Internet Chess Club"]
[Date "2015.09.21"]
[Round "3"]
[White "rubo"]
[Black "kutch"]
[Result "1/2-1/2"]
[WhiteElo "1619"]
[BlackElo "1560"]
[Opening "Queen's bishop game"]
[ECO "D02"]
[Time "20:02:09"]
[TimeControl "2700+45"]

1. d4 Nf6 2. Nf3 d5 3. Bf4 Bf5 4. e3 Bg4 5. Nbd2 Nbd7 6. Bd3 c5 7. c3 e6 8. h3
Bh5 9. O-O Be7 10. Re1 Bg6 11. e4 dxe4 12. Nxe4 Bxe4 13. Bxe4 Nxe4 14. Rxe4 Nf6
15. Qa4+ Qd7 16. Qxd7+ Kxd7 17. Ne5+ Ke8 18. Re2 cxd4 19. cxd4 Nd5 20. Bd2 f6
21. Nd3 Kf7 22. Rae1 Nc7 23. Nf4 Rhe8 24. Nxe6 Bd6 25. Nxc7 Bxc7 26. Kf1 Rxe2
27. Rxe2 Bb6 28. Bc3 Rd8 29. Rd2 Ke6 30. Ke2 Kd5 31. Kd3 Re8 32. Rd1 Re4 33. f3
Rf4 34. Ke3 Rf5 35. g4 Re5+ 36. Kd3 Re6 37. Rf1 Re8 38. h4 Re6 39. h5 Re8 40.
Rh1 Re6 41. h6 g6 42. Rh4 Bd8 43. Rh2 Be7 44. Bd2 Bd8 45. Bc3 Be7 46. Re2 Rxe2
47. Kxe2 g5 48. Ke3 b6 49. f4 a5 50. fxg5 fxg5 51. Kd3 Bf8 52. a4 Bxh6 53. b4
axb4 54. Bxb4 Bg7 55. Bd2 Bf6 56. Be3 h6 57. Bf2 Bg7 58. Bg1 Bf6 59. Be3 Bg7 60.
Bg1 {Game drawn by mutual agreement} 1/2-1/2

[Event "Team 45 45 League T66"]
[Site "Internet Chess Club"]
[Date "2015.09.19"]
[Round "3"]
[White "PostMike"]
[Black "nosir"]
[Result "1-0"]
[WhiteElo "1555"]
[BlackElo "1484"]
[Opening "Sicilian: Najdorf, 7...Be7"]
[ECO "B98"]
[Time "08:30:23"]
[TimeControl "2700+45"]

1. e4 c5 2. Nf3 d6 3. d4 cxd4 4. Nxd4 Nf6 5. Nc3 a6 6. Bg5 e6 7. f4 Be7 8. Qd2
O-O 9. O-O-O Nc6 10. h4 h6 11. Bxf6 Bxf6 12. Nxc6 bxc6 13. e5 dxe5 14. Qxd8 Rxd8
15. Rxd8+ Bxd8 16. fxe5 Bc7 17. Bc4 Bxe5 18. Ne4 Kf8 19. Rd1 Ke7 20. a4 a5 21.
Nc5 Bg3 22. Rh1 f5 23. Rh3 Bf2 24. Nd3 Bd4 25. h5 e5 26. c3 Bb6 27. Nxe5 c5 28.
Ng6+ Kf6 29. Re3 Bd7 30. Re7 Rd8 31. b3 Bc7 32. Rf7+ Kg5 33. Be2 Bh2 34. Rxg7
Bc6 35. Ne5+ Kf6 36. Nxc6 Kxg7 37. Nxd8 Bc7 38. Ne6+ {Black resigns} 1-0

[Event "Team 45 45 League T66"]
[Site "Internet Chess Club"]
[Date "2015.09.21"]
[Round "3"]
[White "Aquaman"]
[Black "SeniorCitizen"]
[Result "1/2-1/2"]
[WhiteElo "1297"]
[BlackElo "1369"]
[Opening "Réti opening"]
[ECO "A05"]
[Time "15:00:30"]
[TimeControl "2700+45"]

1. Nf3 Nf6 2. g3 d5 3. Bg2 e6 4. O-O Be7 5. d3 O-O 6. Nbd2 Nbd7 7. e4 dxe4 8.
dxe4 c6 9. e5 Nd5 10. a3 f6 11. Re1 fxe5 12. Nxe5 Nxe5 13. Rxe5 Bf6 14. Re1 Nc7
15. Rb1 Be7 16. c4 a5 17. a4 Ra6 18. Qc2 Bb4 19. Rd1 Qe7 20. Nf3 Qf6 21. b3 Qf5
22. Qxf5 exf5 23. Bf4 Ne6 24. Bc1 Ra8 25. Bb2 Be7 26. Ne5 Bf6 27. Nd3 Kf7 28.
Ne5+ Bxe5 29. Bxe5 g6 30. f4 Rd8 31. Rxd8 {Game drawn by mutual agreement}
1/2-1/2

[Event "Team 45 45 League T66"]
[Site "Internet Chess Club"]
[Date "2015.09.20"]
[Round "3"]
[White "NAS"]
[Black "andrewliang"]
[Result "1-0"]
[WhiteElo "1817"]
[BlackElo "1649"]
[Opening "Scotch game"]
[ECO "C45"]
[Time "12:31:38"]
[TimeControl "2700+45"]

1. e4 e5 2. Nf3 Nc6 3. d4 exd4 4. Nxd4 Bc5 5. Nxc6 bxc6 6. Nc3 Nf6 7. Bc4 Bb7 8.
O-O O-O 9. e5 Ne8 10. Qg4 d6 11. Bg5 Qc8 12. Qxc8 Bxc8 13. Be7 Bf5 14. Bxf8 Kxf8
15. exd6 cxd6 16. Bb3 Nf6 17. Rad1 d5 18. h3 a5 19. Na4 Bd6 20. c4 Be6 21. cxd5
cxd5 22. Nb6 Rb8 23. Nxd5 Rxb3 24. axb3 Nxd5 25. Rxd5 Bxd5 26. Rd1 Bxb3 27. Rxd6
Ke7 28. Rb6 a4 29. Kf1 Kd7 30. Ke1 Kc7 31. Rb4 Kc8 32. Rxb3 axb3 33. Kd2 Kd8 34.
Kc3 Kc7 35. Kxb3 Kb7 36. Kc4 Kc6 37. b4 f6 38. f4 f5 39. h4 g6 40. g3 {Black
resigns} 1-0

[Event "Team 45 45 League T66"]
[Site "Internet Chess Club"]
[Date "2015.09.18"]
[Round "3"]
[White "qingjoshua"]
[Black "unclevinny"]
[Result "0-1"]
[WhiteElo "1638"]
[BlackElo "1630"]
[Opening "Ruy Lopez: 5.O-O"]
[ECO "C78"]
[Time "21:30:17"]
[TimeControl "2700+45"]

1. e4 e5 2. Nf3 Nc6 3. Bb5 a6 4. Ba4 Nf6 5. O-O b5 6. Bb3 Bc5 7. a4 Bb7 8. c3 d6
9. d4 Bb6 10. d5 Na5 11. Bc2 O-O 12. b4 Nc4 13. a5 Ba7 14. Qe2 c6 15. dxc6 Bxc6
16. Nbd2 Nxd2 17. Bxd2 Qd7 18. h3 Qb7 19. Rfe1 Rae8 20. Nh4 d5 21. exd5 Bxd5 22.
g3 e4 23. Ng2 Qd7 24. Kh2 Bc4 25. Qd1 Bxf2 26. Rh1 e3 27. Be1 Qc7 28. Bxf2 exf2
29. Bd3 Rd8 30. Bxh7+ Kxh7 31. Qc2+ Bd3 32. Qxf2 Qxc3 33. Rhc1 {White resigns}
0-1

[Event "Team 45 45 League T66"]
[Site "Internet Chess Club"]
[Date "2015.09.16"]
[Round "3"]
[White "burnsy"]
[Black "XGG123"]
[Result "1-0"]
[WhiteElo "1594"]
[BlackElo "1332"]
[Opening "Grünfeld: 5.e3"]
[ECO "D94"]
[Time "20:00:33"]
[TimeControl "2700+45"]

1. d4 Nf6 2. c4 g6 3. Nf3 d5 4. e3 Bg7 5. Nc3 O-O 6. c5 Nbd7 7. Bd3 b6 8. cxb6
Nxb6 9. Bd2 Bg4 10. h3 Bc8 11. Rc1 Bb7 12. Qb3 Bc6 13. Nb5 Bxb5 14. Qxb5 Rb8 15.
Qc6 Rc8 16. Ba6 Rb8 17. O-O Nc4 18. Bxc4 dxc4 19. Qxc4 Rxb2 20. Rb1 Rxb1 21.
Rxb1 Qd5 22. Qxd5 Nxd5 23. Rb7 Ra8 24. e4 Nf6 25. e5 Nd5 26. Ba5 c6 27. a3 Bf8
28. g3 e6 29. Ng5 Be7 30. Ne4 Kg7 31. a4 Kf8 32. Bc7 Rc8 33. Bd6 Bxd6 34. Nxd6
Ra8 35. Rxf7+ Kg8 36. Rb7 Nc3 37. Rc7 Nxa4 38. Rxc6 Rb8 39. Ne4 Rb1+ 40. Kg2 Re1
41. Nf6+ Kf7 42. Rc7+ Kf8 43. Rxa7 Rd1 44. Rxa4 {Black resigns} 1-0

[Event "Team 45 45 League T66"]
[Site "Internet Chess Club"]
[Date "2015.09.19"]
[Round "3"]
[White "FosterChess"]
[Black "scostanzo212"]
[Result "1/2-1/2"]
[WhiteElo "1509"]
[BlackElo "1443"]
[Opening "Sicilian: Scheveningen, 6.Be2"]
[ECO "B83"]
[Time "17:00:32"]
[TimeControl "2700+45"]

1. e4 c5 2. Nf3 d6 3. d4 cxd4 4. Nxd4 Nf6 5. Nc3 e6 6. Be2 Be7 7. O-O O-O 8. Be3
Bd7 9. Qd2 Nc6 10. Rad1 a6 11. f3 b5 12. a3 Qb8 13. Nb3 b4 14. axb4 Nxb4 15. Ra1
Rc8 16. Bd3 Nxd3 17. Qxd3 Bb5 18. Nxb5 Qxb5 19. Qxb5 axb5 20. Rxa8 Rxa8 21. Ra1
Rxa1+ 22. Nxa1 d5 23. exd5 Nxd5 24. Bd4 Bg5 25. Nb3 b4 26. Nc5 Be3+ 27. Bxe3
Nxe3 28. c3 bxc3 29. bxc3 Kf8 30. g4 Ke7 31. Ne4 f5 32. gxf5 exf5 33. Nd2 Kd6
34. Nb1 Kc5 35. Kf2 Nd5 36. Ke2 Kc4 37. Kd2 g5 38. Kc2 Ne3+ 39. Kb2 g4 40. fxg4
fxg4 41. Nd2+ Kc5 42. Kb3 h5 43. c4 h4 44. Kc3 g3 45. hxg3 hxg3 46. Ne4+ Kc6 47.
Nxg3 Nxc4 {Game drawn because neither player has mating material} 1/2-1/2

[Event "Team 45 45 League T66"]
[Site "Internet Chess Club"]
[Date "2015.09.20"]
[Round "3"]
[White "komodeo"]
[Black "JefferyChess"]
[Result "0-1"]
[WhiteElo "1632"]
[BlackElo "1792"]
[Opening "Ruy Lopez: 5.O-O"]
[ECO "C78"]
[Time "10:32:28"]
[TimeControl "2700+45"]

1. e4 e5 2. Nf3 Nc6 3. Bb5 a6 4. Ba4 Nf6 5. O-O b5 6. Bb3 Bc5 7. Nxe5 Nxe5 8. d4
Bxd4 9. Qxd4 Nc6 10. Qc5 Qe7 11. Qxe7+ Kxe7 12. e5 Ne8 13. Bg5+ f6 14. exf6+
gxf6 15. Re1+ Kd8 16. Bh4 Rf8 17. Nc3 Nd6 18. Nd5 Ne8 19. c3 Bb7 20. Bg3 Rc8 21.
Rad1 Na5 22. Bc2 Rf7 23. Bxh7 Bxd5 24. Bg6 Bc4 25. b3 Re7 26. bxc4 Nxc4 27. Rxe7
Kxe7 28. Re1+ Kf8 29. Bf4 Ng7 30. Bh6 Ne5 31. Bc2 c5 32. f3 a5 33. Bf4 d6 34. h4
b4 35. Rb1 Ke7 36. Kf2 Ne6 37. Be3 d5 38. Bf5 Rc6 39. h5 d4 40. cxd4 cxd4 41.
Bd2 Nc4 42. Ke2 Ng7 43. Bg6 Ne5 44. Be4 Rc8 45. h6 Ne6 46. h7 Rh8 47. a3 bxa3
48. Rb7+ Nd7 49. Bxa5 Nc5 50. Bb4 Ke6 51. Bxc5 Nxc5 52. Rb6+ Ke7 53. Bb1 Rxh7
54. Rb4 Rh1 55. Rb5 Na4 56. Rb7+ Kd6 57. Rb3 Nc3+ 58. Kd3 Nxb1 59. Kxd4 a2 60.
Rb6+ Kc7 61. Ra6 Na3 62. Rxa3 a1=Q+ 63. Rxa1 Rxa1 64. g4 Rf1 65. Ke4 Kd6 66. f4
Ke6 67. f5+ Kf7 68. Kd5 Rf4 69. g5 fxg5 70. Ke5 Rf1 {White resigns} 0-1

[Event "Team 45 45 League T66"]
[Site "Internet Chess Club"]
[Date "2015.09.19"]
[Round "3"]
[White "elessar"]
[Black "alexkolay"]
[Result "1-0"]
[WhiteElo "1637"]
[BlackElo "1883"]
[Opening "Ruy Lopez: Berlin defense"]
[ECO "C65"]
[Time "18:00:18"]
[TimeControl "2700+45"]

1. e4 e5 2. Nf3 Nc6 3. Bb5 Nf6 4. Qe2 Bc5 5. c3 O-O 6. d3 d6 7. Be3 Bb6 8. h3
Ne7 9. Nbd2 Ng6 10. g3 c6 11. Ba4 d5 12. O-O-O Bxe3 13. Qxe3 Qa5 14. Bb3 Rd8 15.
exd5 Nxd5 16. Qg5 Qc7 17. Ne4 h6 18. Qh5 Be6 19. Nh4 Nxh4 20. Qxh4 a5 21. Nc5
Bf5 22. g4 Bh7 23. Qg3 Nf4 24. Qf3 b6 25. Ne4 a4 26. Bc2 a3 27. b3 c5 28. h4 Qb7
29. Rhe1 Qd5 30. h5 f6 31. Re3 b5 32. Ng3 Qd7 33. Ne2 Ne6 34. Ng3 b4 35. Nf5 Ng5
36. Qe2 Bxf5 37. gxf5 Nf7 38. Rf3 bxc3 39. Rg1 Ng5 40. Rfg3 Qxf5 41. d4 Qf4+ 42.
Kb1 Qxd4 43. Rd3 Qb4 44. Rg4 Qa5 45. Ra4 Qc7 46. Rxa8 Rxa8 47. Qd1 Ne4 48. Rd5
Nd2+ 49. Ka1 Rd8 50. Rxd8+ Qxd8 51. Qg4 e4 52. Qe6+ Kh8 53. f3 {Black forfeits
on time} 1-0

[Event "Team 45 45 League T66"]
[Site "Internet Chess Club"]
[Date "2015.09.16"]
[Round "3"]
[White "Littlemon"]
[Black "Hal2001"]
[Result "0-1"]
[WhiteElo "1548"]
[BlackElo "1629"]
[Opening "Nimzo-Indian: 4.e3 c5, 5.Ne2 (Rubinstein, anti-Hübner system)"]
[ECO "E42"]
[Time "10:00:51"]
[TimeControl "2700+45"]

1. d4 Nf6 2. c4 e6 3. Nc3 Bb4 4. e3 c5 5. Ne2 Nc6 6. a3 Bxc3+ 7. Nxc3 cxd4 8.
exd4 d6 9. Be2 O-O 10. O-O e5 11. d5 Ne7 12. Bg5 Ne8 13. Bd3 f6 14. Be3 Bf5 15.
Rc1 b6 16. Qc2 Qd7 17. Ne2 Bxd3 18. Qxd3 f5 19. f4 e4 20. Qc3 Rc8 21. Nd4 Nf6
22. Ne6 Rf7 23. Bd4 Nfxd5 24. Qb3 Qxe6 25. cxd5 Qd7 26. Rc3 Qb7 27. Rd1 Rxc3 28.
bxc3 Qxd5 29. Qxd5 Nxd5 30. Bxg7 Nxf4 31. Bd4 Ne2+ 32. Kf2 Nxd4 33. Rxd4 Rf6 34.
Ke3 Kf7 35. Rc4 Ke6 36. Ra4 Rf7 37. Rc4 Ke5 38. Rd4 d5 39. c4 Rd7 40. Rd2 d4+
{White resigns} 0-1

[Event "Team 45 45 League T66"]
[Site "Internet Chess Club"]
[Date "2015.09.20"]
[Round "3"]
[White "fuzzface"]
[Black "Chaitanyaann"]
[Result "1-0"]
[WhiteElo "1383"]
[BlackElo "1413"]
[Opening "Sicilian defense"]
[ECO "B40"]
[Time "10:00:29"]
[TimeControl "2700+45"]

1. e4 c5 2. Nf3 e6 3. Bb5 a6 4. Be2 Nc6 5. Nc3 d5 6. exd5 exd5 7. d4 cxd4 8.
Nxd4 Bc5 9. Be3 Qb6 10. Nxd5 Qd8 11. Nxc6 bxc6 12. Bxc5 cxd5 13. Qd4 Nf6 14. Bb6
Qe7 15. Bc5 Qc7 16. Bf3 Be6 17. O-O Rd8 18. Bb6 Qxc2 19. Bxd8 Kxd8 20. Qb6+ Ke7
21. Rac1 Qa4 22. Rfe1 Nd7 23. Rc7 Kf6 24. Rxd7 Qxd7 25. Qd4+ Kg6 26. Qd3+ f5 27.
Qxa6 Re8 28. Qe2 Bf7 29. Qd1 Rxe1+ 30. Qxe1 d4 31. Qa5 d3 32. Qd2 Bxa2 33. h4 h6
34. Bd1 Qd4 35. h5+ Kf6 36. Qc3 Qxc3 37. bxc3 Ke5 38. Kf1 Ke4 39. Ke1 Bc4 40.
Kd2 Kf4 41. Bf3 Ke5 42. g3 f4 43. g4 Kf6 44. Be4 Kg5 45. f3 Kf6 46. Bxd3 Bxd3
47. Kxd3 Ke5 48. c4 Kd6 49. Kd4 Kc6 50. c5 Kc7 51. Kd5 Kd7 52. c6+ Kc7 53. Kc5
Kd8 54. Kd6 Kc8 55. c7 {Black resigns} 1-0

[Event "Team 45 45 League T66"]
[Site "Internet Chess Club"]
[Date "2015.09.19"]
[Round "3"]
[White "Percival"]
[Black "HumanTornado"]
[Result "1/2-1/2"]
[WhiteElo "2123"]
[BlackElo "1927"]
[Opening "QGD: semi-Slav"]
[ECO "D31"]
[Time "21:06:35"]
[TimeControl "2700+45"]

1. d4 d5 2. c4 e6 3. Nc3 c6 4. cxd5 exd5 5. Qc2 Be7 6. Bf4 Nf6 7. h3 Nbd7 8. e3
Nf8 9. Bd3 Ne6 10. Bh2 Bd7 11. Nf3 c5 12. dxc5 Nxc5 13. O-O O-O 14. Nd4 Nxd3 15.
Qxd3 Rc8 16. Rfd1 a6 17. Rac1 Be6 18. a3 Re8 19. Rc2 Bd6 20. Bxd6 Qxd6 21. Rdc1
b5 22. Nxe6 Qxe6 23. Nxd5 Rcd8 24. Nxf6+ Qxf6 25. Qe2 g6 26. Rc6 Re6 27. Rxe6
Qxe6 28. Qc2 h5 29. b4 Qf6 30. Rd1 Rxd1+ 31. Qxd1 Qc3 32. Qd8+ Kh7 33. Qa5 Qe1+
34. Kh2 Qxf2 35. Qxa6 h4 36. Qxb5 Qg3+ 37. Kh1 Qe1+ 38. Kh2 Qg3+ 39. Kh1 Qe1+
40. Kh2 Qg3+ {Game drawn by repetition} 1/2-1/2

[Event "Team 45 45 League T66"]
[Site "Internet Chess Club"]
[Date "2015.09.20"]
[Round "3"]
[White "TerryMalloy"]
[Black "LittleButton"]
[Result "1-0"]
[WhiteElo "2059"]
[BlackElo "1830"]
[Opening "French: Rubinstein variation"]
[ECO "C03"]
[Time "09:25:02"]
[TimeControl "2700+45"]

1. e4 e6 2. d4 d5 3. Nd2 dxe4 4. Nxe4 Nd7 5. Nf3 Ngf6 6. Bd3 c5 7. O-O Nxe4 8.
Bxe4 Nf6 9. Qe2 cxd4 10. Rd1 Qb6 11. a4 a5 12. b3 Bc5 13. Bb2 O-O 14. Bd3 Bd7
15. Nxd4 Rfe8 16. Nf3 Bc6 17. Ne5 Rad8 18. Nc4 Qc7 19. Be5 Qe7 20. Nxa5 Nd5 21.
Nxc6 bxc6 22. Be4 f6 23. Bb2 Qa7 24. c4 Ne7 25. Rxd8 Rxd8 26. Bxc6 Bxf2+ 27.
Qxf2 Qxf2+ 28. Kxf2 Rd2+ 29. Ke3 Rxb2 30. Be4 Rxb3+ 31. Kd4 e5+ 32. Kc5 f5 33.
Bd5+ Kf8 34. a5 Nc8 35. Be6 Ne7 36. a6 Rb8 37. a7 Ra8 38. Kb6 {Black resigns}
1-0

[Event "Team 45 45 League T66"]
[Site "Internet Chess Club"]
[Date "2015.09.17"]
[Round "3"]
[White "diegoami"]
[Black "charles-allen"]
[Result "0-1"]
[WhiteElo "1756"]
[BlackElo "1852"]
[Opening "Petrov: modern attack, Symmetrical variation"]
[ECO "C43"]
[Time "16:00:40"]
[TimeControl "2700+45"]

1. e4 e5 2. Nf3 Nf6 3. d4 Nxe4 4. Bd3 d5 5. Nxe5 Nd7 6. Nxd7 Bxd7 7. O-O Bd6 8.
Bxe4 dxe4 9. Nc3 f5 10. Qh5+ g6 11. Qg5 Qe7 12. Qxe7+ Bxe7 13. Nd5 Bd6 14. Nf6+
Ke7 15. Nxd7 Kxd7 16. b3 c5 17. dxc5 Bxc5 18. Bb2 Rhe8 19. Rfd1+ Kc6 20. Rd2 e3
21. Rd3 exf2+ 22. Kf1 Rad8 23. Rad1 Rxd3 24. cxd3 Kd5 25. d4 Re1+ 26. Rxe1
fxe1=Q+ 27. Kxe1 Bxd4 28. Bc1 Ke4 29. Ke2 f4 30. h3 h5 31. b4 g5 32. a4 g4 33.
hxg4 hxg4 34. Bd2 f3+ 35. gxf3+ gxf3+ 36. Kf1 Kd3 37. Bf4 Kc4 38. Bd6 Bc3 39. b5
Bd4 40. Be7 Bc5 41. Bg5 Kb4 {White resigns} 0-1

[Event "Team 45 45 League T66"]
[Site "Internet Chess Club"]
[Date "2015.09.21"]
[Round "3"]
[White "JJ12"]
[Black "searchforbobby1"]
[Result "0-1"]
[WhiteElo "1983"]
[BlackElo "2139"]
[Opening "Sicilian: Alapin's variation (2.c3)"]
[ECO "B22"]
[Time "20:01:15"]
[TimeControl "2700+45"]

1. e4 c5 2. c3 Nf6 3. e5 Nd5 4. d4 cxd4 5. Nf3 e6 6. cxd4 d6 7. Bc4 Nc6 8. O-O
Be7 9. Qe2 O-O 10. Nc3 Nxc3 11. bxc3 dxe5 12. dxe5 Qa5 13. Bd2 Rd8 14. Rfd1 Bd7
15. Qe4 Be8 16. Bd3 g6 17. c4 Qa3 18. Bc2 Nb4 19. Bb3 Bc6 20. Qe2 Rd3 21. Ne1
Rd7 22. Bc3 Rad8 23. Nc2 Nxc2 24. Qxc2 a5 25. Rxd7 Rxd7 26. Bb2 Qb4 27. Bc3 Qa3
28. Bb2 Qb4 29. Bc3 Qc5 30. Rd1 Rxd1+ 31. Qxd1 Qa3 32. Qd2 a4 33. Bd1 Qc5 34.
Be2 Qb6 35. Qb2 Qxb2 36. Bxb2 a3 37. Bc3 Ba4 38. Bd3 Bg5 39. Kf1 Be7 40. Ke2 Bc5
41. f3 Kf8 42. Kd2 Ke7 43. Be4 b6 44. Kd3 Kd7 45. Bd4 Bb3 46. Bxc5 bxc5 47. Kc3
Bxa2 48. Bd3 Kc7 49. h4 Kd7 50. g4 Ke7 51. g5 Kd7 52. Kc2 Kc7 53. Kc3 Kb6 54.
Kc2 Ka6 55. f4 Ka5 56. Kc3 Kb6 57. Kc2 Kc7 58. Kc3 Kb6 59. Kc2 Ka6 60. Kc3 Ka5
61. f5 exf5 62. Bxf5 Bxc4 63. Bc2 Be6 64. Bd3 a2 65. Kb2 Kb4 66. Bc2 Kc4 67.
Kxa2 Kd4+ 68. Kb2 Kxe5 69. Kc3 Kf4 70. Bd1 Kg3 71. h5 gxh5 72. Bxh5 Kf4 73. Be2
Kxg5 74. Kd3 Kf4 {White resigns} 0-1